Map: Terrenos sagrados

Players

MrFercho

  • Race: Terran Terran
  • Spawn Location: 12:00

tigro

  • Race: Terran Terran
  • Spawn Location: 12:00

Behab - Winner!

  • Race: Protoss Protoss
  • Spawn Location: 6:00

PhantomNiqht - Winner!

  • Race: Protoss Protoss
  • League: Platinum
  • Spawn Location: 6:00

THELAGEND

  • Race: Protoss Protoss
  • Spawn Location: 6:00

VOD

Have the link to the VOD?

Description

Time

  • Played on: Aug. 2, 2019, 11:03 p.m.
  • Length: 13:44
Show
View Real Time Build Order
Export as new Build Order

MrFercho Terran 

Build Orders:  

Get SALT Encoding   

  12  0:02  SCV  
  13  0:16  SCV  
  14  0:28  SCV  
  14  0:31  Supply Depot  
  15  1:11  Barracks  
  15  1:12  SCV  
  16  1:19  Refinery  
  16  1:25  SCV  
  17  1:37  SCV  
  18  1:49  SCV  
  19  2:01  SCV  
  20  2:10  Refinery  
  20  2:17  Barracks  
  20  2:38  Barracks  
  20  2:42  Supply Depot  
  20  2:56  SCV  
  21  3:04  Supply Depot  
  21  3:05  Reaper  
  22  3:08  SCV  
  22  3:09  Reaper  
  24  3:20  SCV  
  24  3:22  Factory  
  24  3:26  Supply Depot  
  24  3:27  Barracks  
  25  3:32  SCV  
  26  3:37  Reaper  
  27  3:59  Reaper  
  28  4:05  SCV  
  29  4:17  SCV  
  29  4:18  Command Center  
  30  4:29  SCV  
  29  4:54  Barracks Tech Lab  
  29  4:55  Barracks Tech Lab  
  29  5:00  Refinery  
  29  5:02  Refinery  
  29  5:10  Starport  
  29  5:15  Factory Tech Lab  
  29  5:20  Marine x2  
  29  5:21  Marine  
  32  5:48  Factory  
  32  5:49  Engineering Bay  
  32  5:58  Cyclone  
  35  6:30  Siege Tank  
  38  6:47  Command Center  
  38  6:48  Factory Tech Lab  
  38  6:56  Starport  
  38  6:58  SCV  
  39  7:03  Orbital Command  
  39  7:10  Liberator, SCV  
  40  7:20  Cyclone  
  40  7:21  Cyclone  
  40  7:22  SCV  
  50  7:34  SCV  
  51  7:42  SCV  
  52  7:46  SCV  
  53  7:54  SCV  
  54  8:01  Refinery  
  54  8:07  SCV  
  54  8:09  Missile Turret  
  55  8:19  SCV  
  56  8:31  SCV x2, Missile Turret  
  58  8:40  Orbital Command  
  58  8:44  SCV  
  59  8:50  Bunker  
  59  8:54  Starport Tech Lab x2  
  59  8:56  SCV  
  60  9:03  Fusion Core  
  60  9:08  SCV  
  61  9:13  Ghost Academy  
  61  9:20  SCV  
  62  9:43  Ghost Academy  
  62  10:04  Supply Depot  
  62  10:15  Weapon Refit  
  62  10:27  Supply Depot  
  44  10:51  Supply Depot  
  44  10:57  Refinery  
  44  10:58  Marine x2  
  44  10:59  Marine x2  
  45  11:16  Marine x2  
  49  11:25  Ghost  
  49  11:29  Ghost  
  51  11:34  Marine x2  
  51  11:35  Medivac  
  55  11:40  Viking  
  55  11:46  Cyclone x2  
  63  11:52  Marine  
  13  13:15  Supply Depot  
Show
View Real Time Build Order
Export as new Build Order

tigro Terran 

Build Orders:  

Get SALT Encoding   

  12  0:06  SCV  
  13  0:18  SCV  
  14  0:31  Supply Depot  
  14  0:56  Engineering Bay  
  14  0:58  SCV  
  15  1:15  Barracks  
  15  1:19  Refinery  
  15  1:24  Refinery  
  15  1:50  Missile Turret  
  15  1:55  SCV  
  16  2:08  SCV  
  17  2:11  Marine  
  18  2:20  SCV  
  19  2:25  Barracks  
  19  2:29  Marine  
  20  2:44  Missile Turret  
  20  2:45  Terran Infantry Weapons Level 1  
  20  2:47  Marine  
  21  3:05  Marine  
  22  3:23  Marine  
  22  3:24  Barracks Tech Lab  
  23  3:36  Planetary Fortress  
  23  4:07  Command Center  
  23  4:09  Barracks Tech Lab  
  23  4:27  Combat Shield  
  23  4:39  Terran Infantry Armor Level 1  
  23  5:07  Missile Turret  
  23  5:19  Marauder  
  25  5:28  Supply Depot  
  25  5:38  Orbital Command  
  25  5:40  Marauder  
  27  6:00  Factory  
  27  6:08  Stimpack  
  27  6:33  Hi-Sec Auto Tracking  
  27  6:44  Missile Turret  
  27  6:53  Factory Tech Lab  
  27  6:54  Factory  
  27  6:56  Marine  
  28  7:14  Marine  
  29  7:27  Armory  
  29  7:30  Neosteel Armor  
  29  7:32  Marine  
  30  7:42  Infernal Pre-Igniter  
  30  7:46  Factory Tech Lab  
  30  7:47  Concussive Shells  
  30  7:49  Siege Tank  
  30  7:50  Marine  
  34  8:08  Marine  
  35  8:16  Starport  
  35  8:21  Siege Tank  
  38  8:47  SCV  
  39  8:48  Refinery  
  39  8:59  SCV  
  39  9:00  Supply Depot  
  39  9:01  Mag-Field Accelerator  
  40  9:04  Starport Tech Lab  
  40  9:11  SCV  
  40  9:14  Starport  
  41  9:23  SCV  
  42  9:30  Thor  
  48  9:37  Marine  
  49  9:44  Medivac  
  51  9:55  Marine  
  52  10:07  Starport Tech Lab  
  52  10:13  Marine  
  53  10:24  Supply Depot  
  53  10:31  Marine  
  54  10:43  Medivac  
  54  10:49  Marine  
  34  10:51  Marine  
  26  10:58  Missile Turret  
  25  11:13  Medivac  
  23  11:22  Missile Turret  
Show
View Real Time Build Order
Export as new Build Order

Behab Protoss - Winner!

Build Orders: Carriers 

Get SALT Encoding   

  12  0:01  Probe  
  13  0:13  Probe  
  14  0:26  Probe  
  15  0:29  Pylon  
  15  0:47  Probe  
  16  1:09  Gateway  
  16  1:22  Nexus  
  16  1:31  Probe  
  17  1:39  Assimilator  
  17  1:43  Probe  
  18  1:55  Probe  
  19  2:03  Cybernetics Core  
  19  2:05  Probe  
  20  2:13  Probe  
  20  2:21  Probe  
  22  2:34  Pylon, Probe  
  23  2:37  Assimilator  
  23  2:40  Probe  
  24  2:45  Nexus  
  24  2:46  Warp Gate, Probe  
  25  2:52  Probe  
  25  2:55  Assimilator  
  25  2:57  Probe  
  25  2:58  Adept  
  29  3:00  Probe  
  29  3:05  Probe  
  30  3:08  Probe  
  31  3:13  Probe  
  31  3:19  Probe  
  34  3:32  Probe x2  
  36  3:44  Probe  
  36  3:45  Probe  
  38  3:56  Probe  
  38  3:57  Probe  
  38  3:58  Nexus  
  40  4:09  Probe  
  41  4:14  Probe x2  
  43  4:17  Assimilator  
  43  4:21  Probe  
  43  4:22  Stargate  
  44  4:29  Probe  
  44  4:30  Probe  
  46  4:33  Probe  
  45  4:39  Adept  
  45  4:42  Probe  
  45  4:43  Probe  
  45  4:45  Probe  
  50  4:50  Stargate  
  50  4:51  Pylon x2  
  50  4:54  Probe  
  50  4:55  Probe  
  50  4:57  Probe  
  53  5:06  Probe  
  54  5:07  Probe  
  54  5:09  Probe  
  54  5:10  Assimilator  
  54  5:11  Probe  
  54  5:13  Assimilator  
  57  5:14  Assimilator  
  57  5:17  Fleet Beacon  
  57  5:18  Probe  
  57  5:19  Probe  
  59  5:21  Probe  
  59  5:24  Sentry, Assimilator  
  62  5:30  Probe x2  
  62  5:31  Probe  
  62  5:35  Forge  
  65  5:42  Probe x2  
  67  5:43  Probe  
  68  5:50  Stargate  
  68  5:51  Pylon, Probe, Stargate  
  68  5:55  Stargate  
  68  5:56  Stargate  
  69  6:13  Probe x2  
  69  6:14  Probe  
  69  6:18  Probe  
  73  6:21  Stalker  
  73  6:24  Void Ray  
  73  6:25  Void Ray  
  83  6:34  Probe x2  
  83  6:35  Probe x2  
  83  6:38  Stargate  
  87  6:46  Carrier, Probe x2  
  95  6:47  Probe x2  
  95  6:53  Photon Cannon  
  97  6:54  Photon Cannon  
  97  6:58  Probe x2  
  99  7:04  Pylon, Probe  
  99  7:07  Probe  
  99  7:22  Void Ray, Pylon  
  103  7:23  Pylon x2  
  103  7:24  Pylon  
  103  7:36  Sentry  
  105  7:40  Carrier  
  105  7:41  Protoss Air Weapons Level 1, Carrier, Gateway  
  105  7:42  Gateway  
  117  7:47  Carrier  
  117  7:48  Carrier  
  129  7:52  Pylon  
  129  8:04  Photon Cannon x2  
  129  8:09  Carrier, Pylon  
  135  8:14  Carrier  
  141  8:23  Cybernetics Core  
  141  8:31  Carrier  
  147  8:39  Pylon  
  147  8:40  Pylon  
  147  8:43  Pylon  
  147  8:46  Pylon  
  147  8:48  Carrier  
  153  8:55  Pylon  
  153  8:56  Pylon  
  153  8:57  Carrier  
  153  8:59  Pylon x2  
  153  9:01  Pylon  
  159  9:05  Carrier  
  159  9:08  Sentry  
  167  9:12  Protoss Air Armor Level 1  
  167  9:26  Carrier  
  173  9:39  Protoss Air Weapons Level 2  
  173  9:42  Carrier  
  179  10:03  Carrier  
  185  10:07  Protoss Shields Level 1  
  185  10:13  Carrier  
  181  10:53  Stalker  
  181  10:54  Stalker  
  181  10:55  Stalker  
  177  11:37  Carrier x3  
  195  12:03  Nexus  
Show
View Real Time Build Order
Export as new Build Order

PhantomNiqht Protoss - Winner!

Build Orders: 1 Gate Expand, Carriers 

Get SALT Encoding   

  12  0:01  Probe  
  13  0:13  Probe  
  14  0:19  Pylon  
  14  0:25  Probe  
  15  0:39  Gateway  
  15  0:42  Assimilator  
  15  0:46  Probe  
  16  0:58  Probe  
  17  1:10  Probe  
  18  1:22  Probe  
  19  1:29  Nexus  
  19  1:36  Probe  
  20  1:44  Cybernetics Core  
  20  1:48  Probe  
  21  2:00  Probe  
  22  2:04  Assimilator  
  22  2:12  Probe  
  22  2:15  Pylon  
  23  2:23  Stargate  
  23  2:33  Probe  
  24  2:41  Probe  
  24  2:42  Probe  
  25  2:49  Probe  
  25  2:50  Probe  
  26  2:55  Protoss Air Weapons Level 1  
  26  2:58  Probe  
  28  2:59  Probe  
  30  3:16  Probe  
  31  3:23  Probe  
  31  3:24  Void Ray  
  36  3:28  Probe  
  36  3:32  Assimilator  
  36  3:33  Assimilator  
  37  3:35  Probe  
  37  3:40  Probe  
  39  3:44  Fleet Beacon  
  39  3:47  Probe  
  40  3:53  Probe  
  41  3:59  Probe  
  42  4:05  Probe  
  42  4:09  Stargate  
  43  4:11  Probe  
  44  4:17  Probe  
  44  4:23  Probe  
  45  4:43  Probe  
  46  4:50  Pylon  
  46  4:52  Pylon  
  46  4:53  Pylon  
  46  4:56  Stargate  
  46  5:08  Carrier, Probe  
  46  5:10  Protoss Air Weapons Level 2  
  46  5:11  Void Ray  
  57  5:22  Forge  
  57  5:35  Probe x2  
  59  5:41  Carrier  
  65  5:47  Probe x2  
  67  6:00  Probe x2  
  69  6:11  Pylon  
  69  6:24  Protoss Shields Level 1  
  67  6:29  Carrier  
  73  6:33  Probe x2  
  75  6:44  Pylon  
  75  6:45  Pylon, Probe x2  
  77  6:53  Carrier  
  77  7:02  Carrier  
  89  7:29  Tempest  
  89  7:31  Nexus  
  89  7:33  Pylon  
  89  7:34  Pylon  
  89  7:37  Assimilator  
  89  7:43  Assimilator  
  94  7:51  Probe x2  
  96  7:56  Tempest  
  101  8:03  Probe x2  
  103  8:32  Carrier  
  109  8:38  Pylon  
  109  8:40  Pylon  
  109  8:41  Pylon  
  109  8:42  Pylon  
  109  8:43  Carrier  
  109  8:44  Protoss Air Weapons Level 3  
  109  9:24  Void Ray  
  113  9:31  Probe  
  113  9:32  Probe x2  
  113  9:36  Void Ray  
  120  9:44  Probe x2  
  122  9:47  Void Ray  
  126  10:33  Tempest  
  126  10:34  Tempest x2  
  127  10:35  Probe x3  
  144  11:20  Warp Gate  
  152  12:02  Tempest  
  157  13:24  Pylon  
  157  13:26  Pylon x2  
  157  13:35  Twilight Council  
Show
View Real Time Build Order
Export as new Build Order

THELAGEND Protoss 

Build Orders: 1 Gate Expand, Forge Fast Expand (FFE), Blink Stalkers 

Get SALT Encoding   

  12  0:05  Probe  
  13  0:15  Pylon  
  13  0:23  Probe  
  14  0:39  Gateway  
  14  0:49  Forge, Probe  
  15  1:00  Probe  
  15  1:01  Assimilator  
  16  1:07  Assimilator  
  16  1:11  Probe  
  17  1:39  Nexus  
  17  1:49  Cybernetics Core  
  17  1:55  Probe  
  18  2:05  Probe  
  19  2:13  Probe  
  19  2:22  Probe  
  21  2:38  Twilight Council  
  21  2:39  Pylon  
  21  2:43  Pylon  
  21  2:46  Warp Gate  
  21  2:47  Pylon  
  21  2:48  Probe  
  22  2:52  Probe  
  23  3:00  Probe  
  23  3:03  Pylon  
  24  3:27  Assimilator  
  24  3:31  Assimilator  
  24  3:35  Pylon  
  24  3:36  Blink  
  23  3:52  Probe  
  24  3:56  Probe  
  24  4:00  Probe  
  25  4:04  Probe  
  25  4:09  Probe  
  27  4:10  Stalker  
  27  4:11  Stargate  
  27  4:14  Probe  
  29  4:21  Probe  
  32  4:33  Gateway  
  32  4:34  Probe  
  33  4:43  Gateway  
  33  4:46  Probe  
  33  4:51  Zealot  
  36  5:03  Gateway  
  36  5:11  Void Ray  
  40  5:17  Probe  
  41  5:25  Zealot  
  43  5:29  Probe  
  44  5:37  Pylon  
  44  5:40  Pylon  
  44  5:43  Robotics Facility  
  44  5:50  Protoss Ground Weapons Level 1  
  44  5:53  Zealot x2  
  48  5:57  Zealot  
  50  6:29  Stalker  
  50  6:30  Stalker x2  
  50  6:31  Stalker  
  54  6:39  Warp Prism  
  56  6:47  Gateway  
  56  6:51  Pylon  
  56  6:55  Stalker x2  
  56  6:58  Stalker  
  62  7:15  Zealot  
  64  7:19  Zealot x2  
  68  7:38  Stalker x2  
  68  7:40  Stalker x2  
  80  7:52  Probe  
  81  8:00  Probe  
  82  8:17  Pylon  
  82  8:19  Pylon  
  81  8:20  Pylon  
  81  8:24  Pylon  
  77  8:35  Probe  
  77  8:40  Gateway  
  78  8:44  Gateway  
  78  8:46  Gateway  
  78  8:47  Probe  
  79  8:59  Probe  
  51  9:11  Probe  
  30  9:23  Probe  
  30  9:36  Probe  
Tags
 
Add a new tag
Caveats
  • Supply blocks, unpowered buildings, or Contaminate may cause inaccurate times.
  • Supply counts are checked every 10 seconds.